 Dungeon Crawl Stone Soup version 0.30-a0-830-gfe289a77b0 (webtiles) character file.

Game seed: 2485190364434437320

102 Esekla the Sneak (level 4, -1/32 HPs)
             Began as an Octopode Delver on Mar 1, 2023.
             Was an Initiate of Gozag.
             Slain by an ufetubus (5 damage)
             ... on level 5 of the Dungeon.
             The game lasted 00:11:42 (1069 turns).

Esekla the Sneak (Octopode Delver)                  Turns: 1069, Time: 00:11:43

Health: -1/32      AC:  1    Str: 11    XL:     4   Next: 78%
Magic:  5/5        EV: 13    Int: 14    God:    Gozag
Gold:   199        SH:  0    Dex: 13    Spells: 5/5 levels left

rFire   . . .      SeeInvis .    a - +0 falchion
rCold   . . .      Faith    .    (no shield)
rNeg    . . .      Spirit   .    (helmet restricted)
rPois   .          Reflect  .    (no amulet)
rElec   .          Harm     .    (no ring)
rCorr   .          Rampage  .    (no ring)
Will    .....                    (no ring)
Stlth   +++++                    (no ring)
HPRegen 0.25/turn                (no ring)
MPRegen 0.09/turn                (no ring)
                                 (no ring)
                                 (no ring)

@: no status effects
A: almost no armour, amphibious, 8 rings, camouflage 1, gelatinous body 1,
(nimble swimmer 1), tentacles
a: Renounce Religion, Potion Petition, Call Merchant, Bribe Branch


You were on level 5 of the Dungeon.
You worshipped Gozag.
Gozag was aware of your devotion.
You visited 2 branches of the dungeon, and saw 2 of its levels.
You also visited: Ossuary.

You collected 217 gold pieces.
You paid 18 gold pieces to Gozag.

Inventory:

Hand Weapons
 a - a +0 falchion (weapon)
Missiles
 g - a javelin (quivered)
 h - 2 poisoned darts
 i - a throwing net
Wands
 f - a wand of digging (3)
Scrolls
 b - a scroll of fear
 d - a scroll of blinking {unknown}
 e - a scroll of poison {unknown}
 l - 2 scrolls of silence
 m - 4 scrolls of enchant weapon {unknown}
 n - a scroll of identify {unknown}
 o - a scroll of teleportation
 q - 3 scrolls of vulnerability {unknown}
Potions
 c - 2 potions of brilliance {unknown}
 j - a potion of might {unknown}
 k - a potion of curing {unknown}
 p - a potion of degeneration {unknown}


   Skills:
 * Level 3.6 Fighting
 * Level 2.5 Long Blades
 * Level 2.4 Dodging
 + Level 7.8 Stealth
 * Level 1.0 Spellcasting


You had 5 spell levels left.
You didn't know any spells.
Your spell library was empty.

Dungeon Overview and Level Annotations

Branches:
Dungeon (5/15)             Temple (1/1) D:5         Ossuary (visited)

Altars:
Ashenzari
Cheibriados
Gozag
Nemelex Xobeh
Okawaru

Shops:
D:5 (


Innate Abilities, Weirdness & Mutations

You cannot wear most types of armour.
You are amphibious.
You can wear up to eight rings at the same time.
Your skin changes colour to match your surroundings (Stealth+).
Your rubbery body absorbs attacks. (AC +1, EV +1)
((You are camouflaged when in or above water. (Stealth+)))
You have tentacles for arms and can constrict up to eight enemies at once.


Message History

The floor.
Unknown command.
There is an open door here.
There is a gate leading back out of this place here.
The jelly hits you.
You are splashed with acid.
* * * LOW HITPOINT WARNING * * *
There is a collapsed entrance, spattered with blood here.
A bullfrog comes into view.
You enter the shallow water.
Your extra speed is starting to run out.
You feel yourself slow down.
The ufetubus shouts!
The ufetubus barely misses you. The ufetubus completely misses you.
You see here 11 gold pieces.
You now have 199 gold pieces (gained 11).
The orc wizard gestures wildly while chanting.
The orc wizard flickers and vanishes!
Deactivating autopickup; reactivate with Ctrl-A.
The ufetubus barely misses you. x2
You hear a loud, deep croak!
The ufetubus barely misses you. x2
The ufetubus hits you. The ufetubus closely misses you. x3
The ufetubus barely misses you. x2
The ufetubus attacks as you move away! The ufetubus barely misses you.
The ufetubus hits you but does no damage.
You barely miss the ufetubus. You grab the ufetubus.
You constrict the ufetubus. The ufetubus hits you.
The ufetubus barely misses you. The ufetubus completely misses you.
The ufetubus hits you.
* * * LOW HITPOINT WARNING * * *
You hit the ufetubus but do no damage. You squeeze the ufetubus.
The ufetubus is severely wounded.
You constrict the ufetubus, but do no damage.
The ufetubus completely misses you.
The ufetubus hits you but does no damage.
The ufetubus hits you.
* * * LOW HITPOINT WARNING * * *
The ufetubus hits you.
You die...
Your body crumbles into a pile of gold.

###.##...# #.# #...........##.
.........# #.# #.######.#..##O
###.##...#####.####.# #.#..##.
....##...#..........# #.#.....
..#......#..........# *..§§...
#.#......#..........########O###.
#........#............)..§§§§§##.
###...########.####.###.§§.§§§o..
###.#**** #.5@........§§§§§...
****#..,,,***#####......§..§.....
,,,,...#*,**,,,,*#...###########.
,***#..#*,**,,,,*#...# #.
,****..#*,**,,,,*#...#*********#.
,****,,**,,*,,,,*#..,**,,,,,,,l..
,****,,***,*,,,,,,,,,,,,,,,,,,,..
,,,,,,,* *,,,,,,,,,,,,,,,,,,,,,,.
,****,,* **,,,,,,,,$,,,,,,,,,,,,.


You could see an ufetubus.

Vanquished Creatures
  2 orc priests (D:5)
  A mummy (Ossuary)
  An adder (D:5)
  3 training dummies (D:5)
  A gnoll skeleton (Ossuary)
  4 kobold skeletons (Ossuary)
  20 orc skeletons (Ossuary)
32 creatures vanquished.

Notes
Turn   | Place    | Note
-------+----------+-------------------------------------------
     0 | D:5      | Esekla the Octopode Delver began the quest for the Orb.
     0 | D:5      | Reached XP level 1. HP: 16/16 MP: 1/1
    17 | D:5      | Found a staircase to the Ecumenical Temple.
    17 | D:5      | Noticed an orc priest
    21 | D:5      | Killed an orc priest
    22 | D:5      | Reached skill level 7 in Stealth
    22 | D:5      | Reached XP level 2. HP: 21/21 MP: 2/2
    22 | D:5      | Reached XP level 3. HP: 26/26 MP: 3/3
    24 | Temple   | Entered the Ecumenical Temple
   162 | Temple   | Became a worshipper of Gozag Ym Sagoz the Greedy
   220 | D:5      | Found Yckevokh's Firing Range.
   268 | D:5      | Noticed a black bear
   281 | D:5      | Noticed an ogre
   324 | D:5      | Reached XP level 4. HP: 17/31 MP: 5/5
   377 | D:5      | Found a sand-covered staircase.
   383 | Ossuary  | Entered an ossuary
   383 | Ossuary  | Noticed a wraith
   383 | Ossuary  | Noticed a wraith
   383 | Ossuary  | Noticed a wraith
   576 | Ossuary  | Reached skill level 1 in Spellcasting
   885 | Ossuary  | Noticed a wraith
  1028 | D:5      | Noticed a bullfrog
  1069 | D:5      | Slain by an ufetubus

Illustrated notes

Levels and vault maps discovered:
D:5:      layout_basic, minmay_temple_entry_proselytizer, enter_ossuary_3,
          minmay_crystal_water, reono_crystal_passage,
          nicolae_shop_firing_range, uniq_blork_the_orc
Temple:   mainiacjoe_temple_bowtie_tessellation

Skill      XL: |  1  2  3  4 |
---------------+-------------+-----
Stealth        | 7 |  7.8
Spellcasting   | 1 |  1.0
Fighting       | |  3.6
Long Blades    | |  2.5
Dodging        | |  2.4

Action                     |  1- 3 |  4- 6 || total
---------------------------+-------+-------++-------
  Melee: Falchion          |    13 |    42 ||    55
         Constrict         |     3 |    19 ||    22
         Tentacles         |     2 |    15 ||    17
         Punch             |     1 |     1 ||     2
  Throw: Javelin           |       |     2 ||     2
         Throwing net      |       |     1 ||     1
    Use: Scroll            |     3 |     2 ||     5
         Potion            |     1 |     1 ||     2
   Stab: Sleeping          |     2 |     4 ||     6
 Armour: Skin              |       |     5 ||     5
  Dodge: Dodged            |     5 |    27 ||    32

Table legend: (Time is in decaauts)
 A = Elapsed time spent in this place.
 B = Non-inter-level travel time spent in this place.
 C = Inter-level travel time spent in this place.
 D = Time resting spent in this place.
 E = Time spent auto-exploring this place.
 F = Levels seen in this place.
 G = Mean time per level.
                   A        B        C        D        E       F      G
               +--------+--------+--------+--------+--------+-----+--------+
         Total |   1049 |    975 |     74 |     64 |     27 |   3 |  349.7 |
       Dungeon |    299 |    299 |      0 |      0 |      0 |   1 |  299.0 |
        Temple |    111 |     37 |     74 |      0 |     27 |   1 |  111.0 |
       Ossuary |    638 |    638 |      0 |     64 |      0 |   1 |  638.0 |
               +--------+--------+--------+--------+--------+-----+--------+

Top non-repeatable levels by time:
 Ossuary: 638 daAuts
     D:5: 299 daAuts
  Temple: 111 daAuts
